 Dungeon Crawl Stone Soup version 0.27.1-3-gb3d3a73c9e (webtiles) character file.

Game seed: 5211516836790612602

767 BinkBink the Poker (level 7, -8/53 HPs)
             Began as a Demonspawn Gladiator on Oct 31, 2021.
             Mangled by Blork the orc (9 damage)
             ... on level 4 of the Dungeon.
             The game lasted 00:22:46 (5315 turns).

BinkBink the Poker (Demonspawn Gladiator)           Turns: 5315, Time: 00:22:46

Health: -8/53      AC:  4    Str: 26    XL:     7   Next: 52%
Magic:  7/7        EV: 13    Int:  9    God:
Gold:   144        SH:  0    Dex: 17    Spells: 6/6 levels left

rFire    . . .     SeeInvis .   a - +0 trident
rCold    . . .     Faith    .   (no shield)
rNeg     . . .     Spirit   .   b - +0 leather armour
rPois    .         Reflect  .   (helmet restricted)
rElec    .         Harm     .   n - +0 cloak
rCorr    .         Rampage  .   (no gloves)
Will     .....                  (no boots)
Stlth    ++........             (no amulet)
HPRegen  0.17/turn              i - +6 ring of strength
MPRegen  0.10/turn              k - +6 ring of strength

@: no status effects
A: antennae 1, claws 1, talons 1
a: no special abilities


You were on level 4 of the Dungeon.
You visited 1 branch of the dungeon, and saw 4 of its levels.

You collected 144 gold pieces.

Inventory:

Hand Weapons
 a - a +0 trident (weapon)
 m - a +3 quarterstaff of chaos
Missiles
 d - 3 throwing nets (quivered)
Armour
 b - a +0 leather armour (worn)
 n - a +0 cloak (worn)
Jewellery
 i - a +6 ring of strength (left claw)
 k - a +6 ring of strength (right claw)
Wands
 o - a wand of iceblast (8)
Scrolls
 c - a scroll of vulnerability {unknown}
 e - 4 scrolls of noise {unknown}
 f - 3 scrolls of teleportation {unknown}
 j - a scroll of amnesia {unknown}
 l - 2 scrolls of identify {unknown}
Potions
 g - 2 potions of degeneration {unknown}
 h - a potion of curing {unknown}
 p - a potion of attraction {unknown}
 q - a potion of ambrosia {unknown}
 r - a potion of berserk rage {unknown}
 s - a potion of lignification {unknown}


   Skills:
 + Level 3.8 Fighting
 + Level 5.9 Polearms
 + Level 1.8 Throwing
 + Level 2.7 Armour
 + Level 3.3 Dodging
 + Level 2.7 Stealth


You had 6 spell levels left.
You didn't know any spells.
Your spell library contained the following spells:

 Spells                   Type           Power      Damage    Failure   Level
 Summon Small Mammal      Summ           0%         N/A       41%         1
 Call Canine Familiar     Summ           0%         N/A       80%         3
 Summon Guardian Golem    Hex/Summ       0%         N/A       80%         3


Dungeon Overview and Level Annotations

Branches:
Dungeon (4/15)
 Temple: D:4-7

Altars:

Annotations:
D:2 Edmund
D:4 Blork the orc, Dowan


Innate Abilities, Weirdness & Mutations

You have a pair of small antennae on your head.
You have sharp fingernails.
You have sharp toenails.


Message History

Found an escape hatch in the ceiling.
There is a stone staircase leading up here.
There is an escape hatch in the ceiling here.
Found 16 bolts.
You see here 16 bolts.
You reach to attack!
The helpless Blork the orc fails to defend himself.
You hit Blork the orc but do no damage.
Blork the orc drinks a potion.
Blork the orc flickers and vanishes!
Deactivating autopickup; reactivate with Ctrl-A.
You hear some strange, mumbled words.
Something hits you. Something barely misses you.
You hear some strange, mumbled words.
A puff of frost appears from out of thin air!
The puff of frost hits you! Something hits you!
You hear some strange, mumbled words.
A magic dart appears from out of thin air!
The magic dart hits you. Something hits you!
You closely miss something. Your kick misses something. Something hits you. x2
* * * LOW HITPOINT WARNING * * *
You hear some strange, mumbled words.
A puff of frost appears from out of thin air!
The puff of frost hits you.
* * * LOW HITPOINT WARNING * * *
You hear some strange, mumbled words.
A magic dart appears from out of thin air!
The magic dart hits you.
* * * LOW HITPOINT WARNING * * *
You puncture something! Your kick misses something.
You hear some strange, mumbled words.
A puff of frost appears from out of thin air!
The puff of frost hits you.
* * * LOW HITPOINT WARNING * * *
You closely miss something. You claw something. Something hits you.
* * * LOW HITPOINT WARNING * * *
Something hits you!
You die...

#...##.# #..#######...##.##[#
#.(.##.###................#.#
#...##......#######.........#
###.#######.......).........#
#.# #.#######.......... #.#
#.######..........# #.#
#.................# #.#
############.#.#....### #.#
#.....@{.......##.##### #.#
#.############.........
#<###.# ########## #<....#
#######


There were no monsters in sight!

Vanquished Creatures
  Grinder (D:3)
  Duvessa (D:4)
  An ogre (D:4)
  A phantom (D:4)
  2 hounds
  2 jellies (D:4)
  Crazy Yiuf (D:3)
  6 adders
  3 gnolls (D:4)
  A worm (D:3)
  2 dart slugs
  7 orcs
  5 bats
  8 endoplasms
  2 giant cockroaches
  4 goblins
  2 hobgoblins (D:2)
  6 jackals (D:3)
  3 quokkas
  6 ball pythons
  3 frilled lizards
  6 kobolds
  5 rats
78 creatures vanquished.

Vanquished Creatures (others)
  An orc (D:3)
1 creature vanquished.

Grand Total: 79 creatures vanquished

Notes
Turn   | Place    | Note
-------+----------+-------------------------------------------
     0 | D:1      | BinkBink the Demonspawn Gladiator began the quest for the
                  | Orb.
     0 | D:1      | Reached XP level 1. HP: 16/16 MP: 1/1
   194 | D:1      | Reached skill level 3 in Polearms
   336 | D:1      | Found a faded altar of an unknown god.
   344 | D:1      | Gained mutation: You have a pair of small antennae on your
                  | head. [demonic ancestry]
   344 | D:1      | Reached XP level 2. HP: 22/22 MP: 2/2
   873 | D:2      | Reached XP level 3. HP: 23/27 MP: 3/3
  1590 | D:2      | Reached skill level 1 in Armour
  1590 | D:2      | Gained mutation: You have sharp toenails. [demonic
                  | ancestry]
  1590 | D:2      | Reached XP level 4. HP: 32/34 MP: 4/4
  1704 | D:2      | Reached skill level 4 in Polearms
  1704 | D:2      | Reached skill level 1 in Stealth
  2029 | D:3      | Noticed Grinder
  2032 | D:3      | Paralysed by Grinder for 3 turns
  2782 | D:3      | Killed Grinder
  2783 | D:3      | Reached XP level 5. HP: 30/41 MP: 5/5
  2783 | D:3      | Gained mutation: You have sharp fingernails. [demonic
                  | ancestry]
  2783 | D:3      | Reached XP level 6. HP: 34/47 MP: 6/6
  3265 | D:3      | Reached skill level 5 in Polearms
  3386 | D:3      | Found a runed translucent door.
  3387 | D:3      | Noticed Crazy Yiuf
  3507 | D:3      | Killed Crazy Yiuf
  3575 | D:4      | Noticed Edmund
  3775 | D:4      | Reached XP level 7. HP: 30/52 MP: 7/7
  4904 | D:4      | Noticed Dowan
  4935 | D:4      | Noticed Duvessa
  5020 | D:4      | Killed Duvessa
  5077 | D:4      | Noticed Blork the orc
  5315 | D:4      | HP: 1/53 [something (4)]
  5315 | D:4      | Mangled by Blork the orc

Illustrated notes

Levels and vault maps discovered:
D:1:      ncdulo_wetmaze, layout_basic, dreamdust_ecumenical_altar_statues
D:2:      layout_basic, kennysheep_potato
D:3:      layout_basic, uniq_crazy_yiuf_cottage, uniq_grinder
D:4:      cheibrodos_quashed, layout_loops_ring, minmay_misc_feat_iff,
          uniq_edmund, uniq_blork_the_orc, uniq_duvessa

Skill      XL: |  1  2  3  4  5  6 |
---------------+-------------------+-----
Polearms       | 3 4 5 |  5.9
Armour         | 1 2 |  2.7
Dodging        | 3 |  3.3
Stealth        | 1 2 |  2.7
Fighting       | 3 |  3.8
Throwing       | |  1.8

Action                   |  1- 3 |  4- 6 |  7- 9 || total
-------------------------+-------+-------+-------++-------
Melee: Trident           |    72 |   116 |    53 ||   241
       Kick              |       |    43 |    21 ||    64
 Stab: Sleeping          |     3 |     1 |     3 ||     7
       Distracted        |       |     1 |       ||     1
Armor: Leather armour    |    18 |    13 |     3 ||    34
Dodge: Dodged            |    33 |    55 |    24 ||   112
